 Dungeon Sprint DCSS version 0.22-a0-848-ge9e22a0 (webtiles) character file.

12000000 protoss039 the Conqueror (level 27, -10/273 HPs)
             Began as a Minotaur Fighter on July 27, 2018.
             Was the Champion of Makhleb.
             Killed from afar by a dread (41 damage)
             ... with damnation
             ... in the Dungeon (Sprint VIII: "Arena of Blood").
             The game lasted 00:09:20 (120 turns).

protoss039 the Conqueror (Minotaur Fighter)          Turns: 120, Time: 00:09:28

Health: -10/273    AC: 13    Str: 31    XL:     27
Magic:  40/53      EV: 27    Int:  5    God:    Makhleb [******]
Gold:   0          SH:  0    Dex: 13    Spells: 80/80 levels left

rFire    . . .     SeeInvis .   l - +∞ Axe of Woe
rCold    . . .     Gourm    .   (shield currently unavailable)
rNeg     . . .     Faith    .   b - +0 scale mail
rPois    .         Spirit   .   (helmet restricted)
rElec    .         Reflect  .   (no cloak)
rCorr    .         Harm     .   (no gloves)
MR       ++...     NoTele   +   (no boots)
Stlth    ++++++++..             (no amulet)
HPRegen  0.55/turn              c - +200 ring of slaying
MPRegen  0.33/turn              r - +200 ring of slaying

@: lethally poisoned (-10 -> -21), hasted, very quick
A: retaliatory headbutt, horns 2
a: Minor Destruction, Lesser Servant of Makhleb, Major Destruction, Greater
Servant of Makhleb, Renounce Religion


You were in the Dungeon.
You worshipped Makhleb.
Makhleb was exalted by your worship.
You were not hungry.

You visited 1 branch

Inventory:

Hand Weapons
 l - the +∞ Axe of Woe (weapon)
   (You found it in the Dungeon)
Armour
 b - a +0 scale mail (worn)
Jewellery
 a - a +100 ring of slaying
 c - a +200 ring of slaying (left hand)
 m - a +30 ring of slaying
 n - a +30 ring of slaying
 o - a +30 ring of slaying
 p - a +30 ring of slaying
 q - a +30 ring of slaying
 r - a +200 ring of slaying (right hand)
Scrolls
 k - a scroll of blinking
Potions
 d - a potion of might
 e - a potion of curing
 g - a potion of heal wounds
 i - 2 potions of magic
 j - a potion of berserk rage
Comestibles
 f - a ration


   Skills:
 O Level 27 Fighting
 O Level 27 Axes
 O Level 27 Throwing
 O Level 27 Armour
 O Level 27 Dodging
 O Level 27 Stealth
 O Level 27 Shields
 O Level 27 Unarmed Combat
 O Level 27 Spellcasting
 O Level 27 Invocations


You had 80 spell levels left.
You didn't know any spells.
Your spell library was empty.

Dungeon Overview and Level Annotations

Branches:
Dungeon (1/1)

Altars:
Makhleb


Innate Abilities, Weirdness & Mutations

You reflexively headbutt those who attack you in melee.
You have a pair of horns on your head.


Message History

Okay, then.
You feel yourself speed up.
You feel very sick.
You hear a shout!
The meat berserker rages.
An eight-headed meat hydra comes into view.
The scourge bites your balrug.
You hear a shout! x2
Your balrug hits the scourge with a demon whip of draining!!
The scourge is engulfed in flames!!
Your balrug drains the scourge!
A sculptor of flesh comes into view. It is wielding a +9 great sword.
The eight-headed meat hydra calls on the powers of darkness!
The eight-headed meat hydra convulses!
Your body is wracked with pain!
* * * LOW HITPOINT WARNING * * *
The meat berserker convulses!
The scourge convulses!
The eight-headed meat hydra convulses!
The meat berserker convulses!
The scourge convulses!
The bag of meat convulses!
The dread throws damnation at you.
The sphere of damnation explodes!
The damnation engulfs you!
You die...

...........
......... #§......#
.L #o.. ...# ..
...###.§. ..§###...
o....§.W###........
#.D...SO)§)§)......
#D)@)§# . #_)<)_#
... ...#2.%V)#..x..
...SO%_))).....O
......###.....%..
..###%%. ...###...
. #... ...# ..
#Lz.....# ... .....


You could see a tyrant, 2 eight-headed meat hydras, a destroyer, 2 scourges, a
sculptor of flesh, a dread, 2 meat berserkers, a bag of meat and a friendly
balrug.

Vanquished Creatures
  5 hell beasts (D)
  3 great orbs of eyes (D)
  A wraith (D)
  Harold (D)
  9 vampire knights (D)
  27 ogres (D)
  6 two-headed ogres (D)
  6 liches (D)
  A hydra (D)
  32 orcs (D)
  4 phantoms (D)
  3 skeletal warriors (D)
  4 large abominations (D)
  6 small abominations (D)
  11 crawling corpses (D)
119 creatures vanquished.

Vanquished Creatures (collateral kills)
  A hydra (D)
1 creature vanquished.

Vanquished Creatures (others)
  A hydra (D)
  3 crawling corpses (D)
4 creatures vanquished.

Grand Total: 124 creatures vanquished

Notes
Turn   | Place    | Note
-------+----------+-------------------------------------------
     0 | D        | Found the +∞ Axe of Woe
     0 | D        | protoss039 the Minotaur Fighter began the quest for the Orb.
     0 | D        | Reached XP level 1. HP: 19/19 MP: 0/0
     1 | D        | Noticed a bag of meat
     1 | D        | Noticed a bag of meat
     2 | D        | Noticed a bag of meat
     4 | D        | Noticed a bag of meat
     4 | D        | Noticed a bag of meat
     5 | D        | Noticed a meat berserker
     6 | D        | Noticed a bag of meat
     7 | D        | Noticed a meat berserker
     9 | D        | Killed a bag of meat
     9 | D        | Reached XP level 2. HP: 53/53 MP: 1/1
     9 | D        | Reached XP level 3. HP: 60/60 MP: 2/2
     9 | D        | Reached XP level 4. HP: 69/69 MP: 3/3
     9 | D        | Reached XP level 5. HP: 75/75 MP: 4/4
     9 | D        | Reached XP level 6. HP: 83/83 MP: 5/5
     9 | D        | Reached XP level 7. HP: 91/91 MP: 6/6
     9 | D        | Reached XP level 8. HP: 99/99 MP: 7/7
     9 | D        | Reached XP level 9. HP: 105/105 MP: 8/8
     9 | D        | Reached XP level 10. HP: 114/114 MP: 9/9
     9 | D        | Reached XP level 11. HP: 121/121 MP: 10/10
    10 | D        | Killed a meat berserker
    10 | D        | Reached XP level 12. HP: 85/140 MP: 11/11
    10 | D        | Reached XP level 13. HP: 89/148 MP: 12/12
    10 | D        | Killed a bag of meat
    10 | D        | Reached XP level 14. HP: 97/160 MP: 13/13
    10 | D        | Killed a bag of meat
    10 | D        | Noticed a bag of meat
    11 | D        | Killed a meat berserker
    11 | D        | Reached skill level 27 in Fighting
    11 | D        | Reached XP level 15. HP: 106/174 MP: 14/14
    12 | D        | Became a worshipper of Makhleb the Destroyer
    13 | D        | Reached skill level 27 in Armour
    13 | D        | Reached skill level 27 in Shields
    13 | D        | Reached skill level 27 in Axes
    13 | D        | Reached XP level 16. HP: 89/183 MP: 15/15
    13 | D        | Reached * piety under Makhleb
    13 | D        | Reached skill level 5 in Stealth
    18 | D        | Reached skill level 5 in Spellcasting
    18 | D        | Noticed a meat berserker
    19 | D        | Noticed a meat berserker
    24 | D        | Noticed a large bag of meat
    25 | D        | Killed a meat berserker
    25 | D        | Reached ** piety under Makhleb
    25 | D        | Reached XP level 17. HP: 108/191 MP: 16/28
    25 | D        | Killed a meat berserker
    25 | D        | Reached skill level 15 in Dodging
    25 | D        | Reached skill level 15 in Unarmed Combat
    25 | D        | Reached skill level 10 in Spellcasting
    26 | D        | Noticed a meat berserker
    26 | D        | Noticed a destroyer
    27 | D        | Noticed a destroyer
    28 | D        | Noticed an eight-headed meat hydra
    29 | D        | Killed a large bag of meat
    29 | D        | Reached skill level 15 in Stealth
    29 | D        | Reached XP level 18. HP: 75/200 MP: 17/32
    29 | D        | Reached *** piety under Makhleb
    30 | D        | Killed a meat berserker
    30 | D        | Reached XP level 19. HP: 178/207 MP: 17/36
    30 | D        | Reached **** piety under Makhleb
    31 | D        | Noticed a meat berserker
    31 | D        | Noticed a meat berserker
    32 | D        | Noticed a large bag of meat
    33 | D        | Reached skill level 15 in Spellcasting
    34 | D        | Killed a destroyer
    34 | D        | Reached XP level 20. HP: 95/216 MP: 18/39
    34 | D        | Noticed a meat berserker
    34 | D        | Noticed a meat berserker
    34 | D        | Noticed The Servant
    35 | D        | Killed a nine-headed meat hydra
    35 | D        | Reached ***** piety under Makhleb
    36 | D        | Killed a meat berserker
    37 | D        | Killed a meat berserker
    39 | D        | Killed a meat berserker
    39 | D        | Killed a meat berserker
    39 | D        | Reached XP level 21. HP: 224/224 MP: 19/42
    40 | D        | Killed a large bag of meat
    40 | D        | Reached skill level 27 in Dodging
    40 | D        | Reached skill level 27 in Unarmed Combat
    43 | D        | Noticed a destroyer
    43 | D        | Noticed a destroyer
    44 | D        | Noticed a tyrant
    45 | D        | Killed a tyrant
    45 | D        | Reached skill level 27 in Stealth
    45 | D        | Noticed a large bag of meat
    48 | D        | Reached ****** piety under Makhleb
    49 | D        | Killed a destroyer
    49 | D        | Reached skill level 27 in Throwing
    49 | D        | Reached skill level 27 in Invocations
    49 | D        | Reached XP level 22. HP: 233/233 MP: 21/48
    50 | D        | Reached skill level 27 in Spellcasting
    53 | D        | Killed a destroyer
    53 | D        | Reached XP level 23. HP: 240/240 MP: 22/53
    54 | D        | Killed a large bag of meat
    55 | D        | Noticed a destroyer
    57 | D        | Killed The Servant
    57 | D        | Reached XP level 24. HP: 174/249 MP: 24/53
    58 | D        | Killed a destroyer
    59 | D        | Noticed a tyrant
    61 | D        | Noticed a tyrant
    62 | D        | Noticed a meat beast
    63 | D        | Noticed a large bag of meat
    67 | D        | Killed a tyrant
    68 | D        | Reached XP level 25. HP: 257/257 MP: 26/53
    69 | D        | Killed a tyrant
    71 | D        | Killed a large bag of meat
    71 | D        | Noticed a meat beast
    74 | D        | Reached XP level 26. HP: 266/266 MP: 28/53
    76 | D        | Killed a meat beast
    76 | D        | Reached XP level 27. HP: 273/273 MP: 28/53
    78 | D        | Noticed a destroyer
    79 | D        | Noticed a destroyer
    80 | D        | Noticed a dread
    83 | D        | Noticed a destroyer
    84 | D        | Noticed a large bag of meat
    85 | D        | Killed a destroyer
    85 | D        | Killed a destroyer
    87 | D        | Killed a destroyer
    87 | D        | Noticed a meat beast
    88 | D        | Killed a destroyer
    88 | D        | Killed a meat beast
    88 | D        | Noticed a tyrant
    90 | D        | Noticed a tyrant
    91 | D        | Noticed a large bag of meat
    92 | D        | Noticed a meat beast
    93 | D        | Killed a large bag of meat
    93 | D        | HP: 9/273 [large bag of meat/exploding inner flame (28)]
    93 | D        | Noticed a meat beast
    95 | D        | Killed a meat beast
    98 | D        | Killed a meat beast
    99 | D        | Killed a large bag of meat
   100 | D        | Killed a tyrant
   100 | D        | Noticed a tyrant
   102 | D        | Noticed a meat beast
   102 | D        | Noticed a destroyer
   103 | D        | Killed a tyrant
   106 | D        | Killed a destroyer
   107 | D        | Killed a meat beast
   109 | D        | Noticed a dread
   113 | D        | Noticed a destroyer
   116 | D        | HP: 10/273 [??? (8)]
   118 | D        | Killed a dread
   119 | D        | Killed a tyrant
   119 | D        | Noticed a tyrant
   120 | D        | Killed from afar by a dread

Vault maps used:
D:        meatsprint

Skill      XL: |  1  2  3  4  5  6  7  8  9 10 11 12 13 14 15 16 17 18 19 20 21 22 |
---------------+-------------------------------------------------------------------+-----
Fighting       | 18 23 24 27 | 27.0
Axes           | 11 14 16 19 27 | 27.0
Armour         | 18 22 23 26 27 | 27.0
Shields        | 18 22 23 26 27 | 27.0
Throwing       | 12 16 19 22 25 27 | 27.0
Dodging        | 13 17 20 23 26 27 | 27.0
Stealth        | 11 15 18 20 23 27 | 27.0
Unarmed Combat | 13 17 20 23 26 27 | 27.0
Spellcasting   | 8 11 14 16 18 23 27 | 27.0
Invocations    | 11 16 18 21 24 27 | 27.0

Action                   |  1- 3 |  4- 6 |  7- 9 | 10-12 | 13-15 | 16-18 | 19-21 | 22-24 | 25-27 || total
-------------------------+-------+-------+-------+-------+-------+-------+-------+-------+-------++-------
Melee: Executioner's axe |     1 |       |       |     1 |     2 |     4 |    11 |     9 |    35 ||    63
Invok: Greater Servant o |       |       |       |       |       |       |       |       |     3 ||     3
       Major Destruction |       |       |       |       |       |       |       |       |     1 ||     1
  Use: Potion            |       |       |       |       |       |       |       |       |     1 ||     1
 Stab: Distracted        |       |       |       |       |       |       |     1 |       |       ||     1
Armor: Scale mail        |       |       |       |       |       |     1 |     2 |       |     2 ||     5
Dodge: Dodged            |       |       |       |       |       |       |       |     3 |     4 ||     7

Table legend:
 A = Spawn XP
 B = Non-spawn XP
 C = Spawn XP percentage of total XP
 D = Spawn monster count
 E = Non-spawn monster count
 F = Spawn count percentage of total count
 G = Total turns spent on level
                    A         B        C        D         E        F      G
               +---------+---------+-------+---------+---------+-------+---------
         Total |       0 | 3157674 |   0.0 |       0 |     109 |   0.0 |   120
               +---------+---------+-------+---------+---------+-------+---------
             D |       0 | 3157674 |   0.0 |       0 |     109 |   0.0 |   120
               +---------+---------+-------+---------+---------+-------+---------
